 Dungeon Crawl Stone Soup version 0.20-a0-656-g9b0dcd9 (console) character file.

163 Goblin1989 the Cudgeler (level 5, -1/41 HPs)
             Began as a Barachian Fighter on Feb 17, 2017.
             Slain by an ogre
             ... wielding a cursed -1 giant spiked club
              (29 damage)
             ... on level 4 of the Dungeon.
             The game lasted 00:06:40 (2740 turns).

Goblin1989 the Cudgeler (Barachian Fighter)         Turns: 2740, Time: 00:06:41

Health: -1/41      AC:  6    Str: 24    XL:     5   Next: 44%
Magic:  5/5        EV:  7    Int:  8    God:
Gold:   139        SH:  9    Dex: 11    Spells: 4/4 levels left

rFire    . . .     SeeInvis .   a - +0 flail
rCold    . . .     Gourm    .   b - +0 scale mail
rNeg     . . .     Faith    .   c - +0 shield
rPois    .         Spirit   .   (no helmet)
rElec    .         Reflect  .   (no cloak)
rCorr    .         Harm     .   (no gloves)
MR       .....                  (no boots)
Stlth    ..........             (no amulet)
Regen    0.2/turn               (no ring)
MPRegen  0.1/turn               (no ring)

@: mighty, slow
A: swims, slowness 1, strong legs 1
a: Hop


You were on level 4 of the Dungeon.
You were not hungry.

You visited 1 branch of the dungeon, and saw 4 of its levels.

You collected 139 gold pieces.

Inventory:

Hand Weapons
 a - a +0 flail (weapon)
Armour
 b - a +0 scale mail (worn)
 c - a +0 shield (worn)
Jewellery
 i - an uncursed ring of protection from magic {unknown}
 m - an uncursed amulet of rage {unknown}
 v - an uncursed ring of fire {unknown}
Scrolls
 h - a scroll of fog {unknown}
 j - a scroll of immolation {unknown}
 k - 2 scrolls of blinking {unknown}
 l - 2 scrolls of amnesia {unknown}
 n - 8 scrolls of identify {unknown}
 o - a scroll of enchant armour {unknown}
 t - 4 scrolls of remove curse {unknown}
Potions
 g - 4 potions of haste {unknown}
 p - a potion of lignification {unknown}
 q - 2 potions of brilliance {unknown}
 r - a potion of ambrosia {unknown}
 s - a potion of invisibility {unknown}
Comestibles
 e - 4 bread rations {@e1}
 f - 4 chunks of flesh
 u - a meat ration {@e2}


   Skills:
 - Level 3.2 Fighting
 + Level 5.5 Maces & Flails
 - Level 3.2 Armour
 - Level 3.0 Shields


You had 4 spell levels left.
You didn't know any spells.

Dungeon Overview and Level Annotations

Branches:
Dungeon (4/15)
 Temple: D:4-7

Altars:
Qazlal
Xom


Innate Abilities, Weirdness & Mutations

You can swim through water.
You cover ground slowly.
You can hop short distances.


Message History

The orc throws a tomahawk.
The tomahawk hits you but does no damage.
The orc throws a tomahawk.
The tomahawk barely misses you.
You see here 2 tomahawks.
You hit the orc but do no damage. The orc hits you but does no damage. x2
You completely miss the orc. The orc hits you but does no damage.
Your shield prevents you from hitting the orc.
The orc hits you but does no damage.
You barely miss the orc. The orc hits you with a dagger.
You take 1 damage, and have 40/41 hp.
You hit the orc.
The orc is moderately wounded.
The orc hits you with a dagger.
You take 2 damage, and have 38/41 hp.
You hit the orc but do no damage.
The orc is moderately wounded.
You block the orc's attack. The orc hits you with a dagger.
You take 1 damage, and have 37/41 hp.
You sock the orc!
You kill the orc!
No target in view!
No target in view!
No target in view!
No target in view!
No target in view!
No target in view!
No target in view!
No target in view!
No target in view!
No target in view!
No target in view!
No target in view!
No target in view!
You butcher the orc corpse.
f - 13 chunks of flesh (gained 3)
Things that are here:
a dagger; a ring mail; an orc skeleton
Things that are here:
a dagger; a ring mail; an orc skeleton Some of the chunks of flesh in your inventory have rotted away.
A bat comes into view.
You regained 2 hp, and now have 39/41 hp.
The bat hits you but does no damage. You block the bat's attack.
You closely miss the bat. You block the bat's attack.
You block the bat's attack. The bat hits you.
You take 1 damage, and have 38/41 hp.
The bat barely misses you.
You hit the bat.
You kill the bat!
No target in view!
No target in view!
No target in view!
No target in view!
No target in view!
No target in view!
No target in view!
No target in view!
No target in view!
No target in view!
No target in view!
No target in view!
No target in view!
No target in view!
No target in view!
No target in view!
No target in view!
No target in view!
No target in view!
You see here a club.
Some of the chunks of flesh in your inventory have rotted away.
Some of the chunks of flesh in your inventory have rotted away.
There is a shaft here.
There is a shaft here.
Done exploring.
Health restored: 41 Done exploring.
(D) Dungeon
Where to? (Enter - D:3, ? - help) Some of the chunks of flesh in your inventory have rotted away.
There is a stone staircase leading down here.
You climb downwards.
There is a stone staircase leading up here.
You hear an explosion!
Found an escape hatch in the ceiling.
f - 4 chunks of flesh (gained 1)
An ogre comes into view. It is wielding a giant spiked club.
The ogre shouts!
You feel very mighty all of a sudden.
You barely miss the ogre. The ogre closely misses you.
You sock the ogre!
The ogre is heavily wounded.
The ogre hits you with a giant spiked club!
You take 13 damage, and have 28/41 hp.
O_OOPS!!
MASSIVE DAMAGE!!
You hit the ogre.
The ogre is severely wounded.
The ogre hits you with a giant spiked club!!
Ouch! That really hurt!
You die... ..O......█ █.██ █.O█ █████████████

██.█
........█...██
█.█
.............█
██.█
██..████████.██
██.██


████ █..███O██ █..█.@██ ██...██ █...█ ██.██ ..█ ██.█ ███ You could see an ogre.

Vanquished Creatures
  A centaur (D:3)
  A worm (D:3)
  2 dart slugs
  4 leopard geckos
  7 orcs (D:3)
  9 bats
  3 giant cockroaches
  8 goblins
  5 hobgoblins
  2 quokkas
  A ball python (D:2)
  9 frilled lizards
  8 kobolds
  8 rats
68 creatures vanquished.

Vanquished Creatures (others)
  4 dream sheep
4 creatures vanquished.

Grand Total: 72 creatures vanquished

Notes
Turn   | Place    | Note
-------+----------+-------------------------------------------
     0 | D:1      | Goblin1989 the Barachian Fighter began the quest for the Orb.
     0 | D:1      | Reached XP level 1. HP: 18/18 MP: 1/1
   155 | D:1      | Reached XP level 2. HP: 17/24 MP: 2/2
   379 | D:1      | Reached skill level 3 in Maces & Flails
   559 | D:1      | Reached XP level 3. HP: 25/29 MP: 3/3
  1310 | D:2      | Reached skill level 4 in Maces & Flails
  1773 | D:3      | Reached XP level 4. HP: 35/35 MP: 4/4
  1996 | D:3      | Noticed a centaur
  2006 | D:3      | Killed a centaur
  2006 | D:3      | Reached skill level 5 in Maces & Flails
  2006 | D:3      | Reached XP level 5. HP: 7/41 MP: 5/5
  2362 | D:3      | Noticed a dream sheep
  2362 | D:3      | Noticed a dream sheep
  2362 | D:3      | Noticed a dream sheep
  2362 | D:3      | Noticed a dream sheep
  2362 | D:3      | Found a shimmering altar of Xom.
  2368 | D:3      | Killed a dream sheep
  2368 | D:3      | Killed a dream sheep
  2368 | D:3      | Killed a dream sheep
  2440 | D:3      | Found a stormy altar of Qazlal.
  2677 | D:4      | Killed a dream sheep
  2728 | D:4      | Noticed an ogre
  2740 | D:4      | Slain by an ogre

Vault maps used:
D:1:      dpeg_arrival_simpleton_b, minmay_tripent
D:3:      grunt_qazlal_sundering, first_bread, serial_park_tiny_pond,
          kb_xom_exploding_sheep
D:4:      lemuel_castle_with_subvaults, grunt_temple_overflow_open, uniq_sigmund

Skill      XL: |  1  2  3  4 |
---------------+-------------+-----
Maces & Flails | 3 4 5 |  5.5
Fighting       | |  3.2
Armour         | |  3.2
Shields        | |  3.0

Action                   |  1- 3 |  4- 6 || total
-------------------------+-------+-------++-------
Melee: Flail             |   202 |    75 ||   277
  Use: Potion            |       |     1 ||     1
  Eat: Chunk             |     3 |     4 ||     7
Armor: Scale mail        |    87 |    25 ||   112
Dodge: Dodged            |    74 |    18 ||    92
Block: Shield            |   110 |    36 ||   146

Vault maps used:
D:1:      dpeg_arrival_simpleton_b, minmay_tripent
D:3:      grunt_qazlal_sundering, first_bread, serial_park_tiny_pond,
          kb_xom_exploding_sheep
D:4:      lemuel_castle_with_subvaults, grunt_temple_overflow_open, uniq_sigmund
